AoeStats
← 17_Neo_

Arena

510224268Analyzed
4v4 RM · 2d ago on Sep 30, 2026· 60m 6s· 8 players
Game mode
Random Map
Map size
Large (8 player)
Population
200
Speed
Normal
Resources
Standard
Victory
Conquest
Starting age
Dark Age
Ending age
Imperial Age
RankedLock teamsTeams togetherTeam positionsShared explorationLock speedFull tech treeHidden civsTurbo modeCheats
Victory
Defeat
🇨🇴 Mongols · Colombia
1425
+11
🇨🇴 Teutons · Colombia
1405
+12
🇨🇴 Celts · Colombia
1321
+15
🇨🇴 Bohemians · Colombia
1313
+17
🇦🇷 Dravidians · Argentina
1361
-16
🇺🇸 Muisca · United States
1316
-14
🇲🇽 Portuguese · Mexico
1307
-13
🇦🇹 Britons · Austria
1267
-12
genghis bong
9:46 Feudal Age
13:39 Castle Age
11:34 Double-Bit Axe
11:32 Horse Collar
15:29 Bow Saw
19:20 Heavy Plow
20:00 Town Watch
20:10 Loom
21:11 Wheelbarrow
21:13 Gold Mining
21:21 Stone Mining
22:07 Fervor
23:35 Gold Shaft Mining
24:41 Fletching
26:39 Scale Mail Armor
27:33 Squires
28:28 Forging
29:55 Hand Cart
29:52 Town Patrol
30:27 Chain Mail Armor
30:48 Redemption
30:59 Sanctity
32:30 Bodkin Arrow
33:33 Iron Casting
36:00 Imperial Age
34:11 Padded Archer Armor
35:15 Leather Archer Armor
36:48 Bracer
36:53 Herbalism
37:17 Conscription
37:04 Huaracas
37:36 Hoardings
36:26 Onager
38:19 Plate Mail Armor
38:12 Block Printing
38:15 Thumb Ring
37:57 Elite Temple Guard
45:37 Ballistics
46:17 Chemistry
48:10 Coinage
47:21 Capped Ram
49:26 Siege Onager
52:28 Theocracy
53:11 Banking
58:24 Siege Engineers
ZiGZAG
5:01 Loom
10:41 Feudal Age
15:13 Castle Age
13:18 Double-Bit Axe
17:31 Gold Mining
19:04 Wheelbarrow
21:57 Fletching
26:05 Padded Archer Armor
31:18 Bodkin Arrow
31:38 Leather Archer Armor
33:19 Leather Archer Armor
33:26 Stone Mining
37:05 Forging
36:55 Scale Mail Armor
37:02 Scale Barding Armor
36:43 Horse Collar
37:29 Town Watch
38:00 Husbandry
37:20 Light Cavalry
41:21 Imperial Age
41:09 Iron Casting
42:33 Bracer
43:04 Ring Archer Armor
42:57 Ballistics
44:05 Hand Cart
43:50 Town Patrol
44:30 Bow Saw
46:33 Yeomen
48:02 Blast Furnace
47:22 Chain Barding Armor
47:45 Elite Longbowman
49:05 Fortified Wall
50:04 Chemistry
51:51 Scale Mail Armor
52:26 Plate Barding Armor
57:11 Heavy Plow
57:42 Cavalier
Himeko
10:31 Feudal Age
14:18 Castle Age
14:27 Horse Collar
14:37 Double-Bit Axe
15:55 Bow Saw
23:22 Wheelbarrow
24:13 Gold Mining
25:06 Heavy Plow
25:40 Loom
26:18 Hand Cart
27:00 Town Watch
27:35 Masonry
30:17 Imperial Age
28:07 Bloodlines
27:57 Husbandry
28:06 Scale Barding Armor
28:27 Treadmill Crane
29:46 Chain Barding Armor
29:36 Forging
30:30 Husbandry
32:03 Plate Barding Armor
30:51 Cavalier
32:27 Iron Casting
34:36 Blast Furnace
36:31 Two-Man Saw
38:28 Chemistry
37:50 Ballistics
38:38 Conscription
45:40 Light Cavalry
JUNCAL
6:35 Loom
8:52 Feudal Age
9:18 Double-Bit Axe
9:48 Horse Collar
12:22 Fletching
20:22 Castle Age
19:42 Gold Mining
21:23 Bow Saw
21:49 Wheelbarrow
21:38 Scale Mail Armor
25:45 Stone Mining
28:46 Hand Cart
33:44 Imperial Age
31:51 Bodkin Arrow
31:41 Elite Skirmisher
31:51 Elite Skirmisher
33:26 Padded Archer Armor
34:31 Leather Archer Armor
34:44 Ballistics
34:51 Bracer
35:53 Chemistry
35:24 Heavy Plow
37:31 Ring Archer Armor
38:19 Conscription
42:37 Forging
42:42 Chain Mail Armor
48:48 Coinage
52:35 Two-Man Saw
53:36 Hoardings
53:13 Masonry
56:44 Fortified Wall
Mhao
11:37 Feudal Age
12:37 Double-Bit Axe
15:44 Castle Age
14:10 Horse Collar
14:28 Stone Mining
15:12 Horse Collar
15:46 Gold Mining
18:34 Wheelbarrow
18:39 Loom
19:57 Bow Saw
26:40 Scale Mail Armor
26:51 Forging
28:11 Chain Mail Armor
38:03 Imperial Age
37:02 Iron Casting
39:32 Conscription
39:13 Town Watch
39:07 Pikeman
40:19 Plate Mail Armor
40:49 Blast Furnace
40:31 Gambesons
41:39 Heavy Plow
41:52 Capped Ram
43:37 Gold Shaft Mining
43:37 Stone Shaft Mining
44:05 Halberdier
48:06 Hand Cart
47:43 Onager
48:36 Scale Barding Armor
48:01 Heavy Scorpion
48:27 Elite Woad Raider
49:19 Furor Celtica
49:19 Town Patrol
50:38 Ballistics
51:18 Chemistry
50:14 Murder Holes
51:22 Siege Onager
Logan
11:21 Feudal Age
13:19 Wheelbarrow
16:43 Castle Age
16:14 Horse Collar
16:21 Double-Bit Axe
30:50 Bow Saw
30:42 Heavy Plow
35:41 Imperial Age
34:24 Loom
38:14 Wagenburg Tactics
43:36 Elite Hussite Wagon
50:08 Light Cavalry
50:49 Husbandry
50:56 Scale Barding Armor
51:02 Forging
52:58 Chain Barding Armor
53:14 Iron Casting
RAGNAROK
12:54 Feudal Age
11:15 Loom
14:11 Feudal Age
18:46 Castle Age
16:55 Horse Collar
17:01 Double-Bit Axe
18:49 Bloodlines
18:46 Scale Barding Armor
31:21 Heavy Plow
34:29 Forging
34:40 Chain Barding Armor
37:16 Imperial Age
36:15 Iron Casting
36:33 Fortified Wall
37:59 Cavalier
41:21 Wheelbarrow
44:54 Plate Barding Armor
44:48 Bow Saw
44:56 Hand Cart
46:31 Conscription
49:49 Squires
49:28 Pikeman
50:11 Scale Mail Armor
50:47 Halberdier
54:25 Two-Man Saw
53:53 Chain Mail Armor
54:39 Blast Furnace
54:17 Paladin
55:47 Capped Ram
58:05 Plate Mail Armor
17_Neo_
10:35 Feudal Age
12:14 Wheelbarrow
11:59 Horse Collar
12:05 Double-Bit Axe
14:44 Castle Age
28:28 Imperial Age
26:46 Fletching
27:33 Ballistics
27:08 Gold Mining
27:08 Stone Mining
27:51 Bow Saw
27:45 Heavy Plow
28:05 Bloodlines
28:12 Bodkin Arrow
29:05 Husbandry
29:32 Bracer
30:16 Padded Archer Armor
31:39 Chemistry
31:30 Hand Cart
31:01 Town Watch
31:02 Loom
31:53 Leather Archer Armor
31:58 Elite Mangudai
33:44 Thumb Ring
34:25 Conscription
34:43 Parthian Tactics
35:04 Forging
34:59 Scale Barding Armor
34:16 Light Cavalry
36:37 Iron Casting
35:51 Hussar
37:40 Chain Barding Armor
39:18 Blast Furnace
48:56 Gold Shaft Mining
Connection lost

Rejoining the realm…

Still unreachable

The connection could not be restored.

Session expired

The server has moved on; the page needs a fresh start.